 Dungeon Crawl Stone Soup version 0.30-a0-626-gd6a5dd7a1f (webtiles) character file.

Game seed: 3254944016616248229

47 Bnni the Vexing (level 3, -7/27 HPs)
             Began as a Formicid Hexslinger on Jan 11, 2023.
             Killed by an exploding black bear (18 damage)
             ... ignited by their inner flame
             ... on level 2 of the Dungeon.
             The game lasted 00:01:20 (1312 turns).

Bnni the Vexing (Formicid Hexslinger)               Turns: 1312, Time: 00:01:20

Health: -7/27      AC:  2    Str: 14    XL:     3   Next: 97%
Magic:  0/5        EV: 12    Int: 14    God:
Gold:   119        SH:  0    Dex: 14    Spells: 1/5 levels left

rFire   . . .      SeeInvis +    a - +1 sling
rCold   . . .      Faith    .    (no shield)
rNeg    . . .      Spirit   .    c - +0 robe
rPois   .          Reflect  .    (helmet unavailable)
rElec   .          Harm     .    (no cloak)
rCorr   .          Rampage  .    (no gloves)
Will    .....                    (no boots)
Stlth   +                        (no amulet)
HPRegen 0.24/turn                (no ring)
MPRegen 0.09/turn                (no ring)

@: no status effects
A: permanent stasis, dig shafts and tunnels, antennae 3, four strong arms
a: Dig, Shaft Self


You were on level 2 of the Dungeon.
You visited 1 branch of the dungeon, and saw 3 of its levels.

You collected 119 gold pieces.

Inventory:

Hand Weapons
 a - a +1 sling (weapon)
Armour
 c - a +0 robe (worn)
Scrolls
 b - a scroll of poison
 e - 2 scrolls of amnesia {unknown}
 f - 2 scrolls of noise {unknown}
 h - 2 scrolls of enchant weapon {unknown}
 l - a scroll of magic mapping {unknown}
Potions
 d - a potion of berserk rage {unknown}
 g - a potion of mutation {unknown}
 i - 2 potions of might {unknown}
 j - a potion of curing {unknown}
 k - a potion of haste {unknown}


   Skills:
 + Level 1.7 Fighting
 * Level 2.6 Ranged Weapons
 - Level 1.7 Dodging
 + Level 1.5 Spellcasting
 * Level 4.1 Hexes
 * Level 1.2 Fire Magic


You had one spell level left.
You knew the following spells:

 Your Spells              Type           Power      Damage    Failure   Level
a - Slow                  Hex            48%        N/A       4%          1
b - Inner Flame           Hex/Fire       8%         N/A       24%         3

Your spell library contained the following spells:

 Spells                   Type           Power      Damage    Failure   Level
 Scorch                   Fire           8%         2d5       22%         2
 Portal Projectile        Hex/Tloc       12%        N/A       32%         3
 Cause Fear               Hex            6%         N/A       41%         4
 Flame Wave               Conj/Fire      2%         2d4       88%         4
 Summon Cactus Giant      Summ           0%         N/A       100%        6


Dungeon Overview and Level Annotations

Branches:
Dungeon (3/15)

Altars:


Innate Abilities, Weirdness & Mutations

You cannot be hasted, slowed, berserked, paralysed or teleported.
You can dig through walls and to a lower floor.
You have a pair of large antennae on your head. (SInv)
Your four strong arms can wield two-handed weapons with a shield.


Message History

Press: ? - help, Shift-Dir - straight line, f/p - black bear
Aim: a black bear (lightly wounded, chance to affect: 46%)
The black bear seems to slow down.
Casting: Slow (safe; 4% risk of failure)
Confirm with . or Enter, or press ? or * to list all spells.
The spell is extremely dangerous to miscast (24% risk of failure)!
Continue anyway? [Y]es or [N]o only, please.
The spell is extremely dangerous to miscast (24% risk of failure)!
Continue anyway?
Aiming: Inner Flame (extremely dangerous; 24% risk of failure)
Press: ? - help, Dir - move target, f/p - black bear
Aim: a black bear (chance to affect: 55%)
The black bear is filled with an inner flame.
You shoot a sling bullet.
The sling bullet barely misses the black bear.
You shoot a sling bullet. The sling bullet hits the black bear.
Flame seeps out of the black bear.
The black bear is moderately wounded.
The black bear is engulfed in blazing flames.
Flame seeps out of the black bear.
You shoot a sling bullet.
The sling bullet barely misses the black bear.
The black bear bites you. The black bear claws you.
The black bear barely misses you.
Unknown command.
Casting: Inner Flame (extremely dangerous; 24% risk of failure)
Confirm with . or Enter, or press ? or * to list all spells.
Aiming: Slow (safe; 4% risk of failure)
Press: ? - help, Shift-Dir - straight line, f/p - black bear
Aim: a black bear (heavily wounded, inner flame, chance to affect: 46%)
The black bear resists with some effort.
The black bear barely misses you. The black bear claws you. x2
Okay, then.
You shoot a sling bullet. The sling bullet hits the black bear.
Flame seeps out of the black bear.
The black bear is severely wounded.
The black bear is engulfed in blazing flames.
The black bear explodes!
The fiery explosion engulfs you!!
Ouch! That really hurt!
You die...

#.####### #.##........ #.#
#######.....#..... ##.#
#...h............. #..#
#.#####.##.#.[.... #.##
#.# #.##.#..##.# #.# #.#
##.##.#..##.# #.# #.#
#............ #.#
#.####..##..###### #.#
##@......##..#
#.#####○###.#..##..#
#.....§§# #.#......# ##
#....##>###.#.###..# #.
##...............#..# #.
#...........##.#.#..#####.
#....######.##.#.#......#.
#....# #.##.#.#..###.#.
#....#### #.##......###...


There were no monsters in sight!

Vanquished Creatures
  A black bear (D:2)
  Jessica (D:2)
  2 ball pythons (D:1)
  2 endoplasms
  3 giant cockroaches (D:2)
  2 goblins
  3 kobolds (D:1)
  3 bats
  4 frilled lizards (D:1)
  A rat (D:2)
22 creatures vanquished.

Notes
Turn   | Place    | Note
-------+----------+-------------------------------------------
     0 | D:1      | Bnni the Formicid Hexslinger began the quest for the Orb.
     0 | D:1      | Reached XP level 1. HP: 15/15 MP: 2/2
   113 | D:1      | You fall into a shaft and drop 1 floor!
   252 | D:1      | Reached XP level 2. HP: 21/21 MP: 3/3
   809 | D:2      | Noticed Jessica
   816 | D:2      | Killed Jessica
   817 | D:2      | Reached skill level 4 in Hexes
   817 | D:2      | Reached skill level 1 in Fire Magic
   817 | D:2      | Reached XP level 3. HP: 26/26 MP: 3/5
   821 | D:2      | Learned a level 3 spell: Inner Flame
  1248 | D:3      | Noticed a black bear
  1312 | D:2      | Killed a black bear
  1312 | D:2      | Killed by an exploding black bear... ignited by their inner
                  | flame

Illustrated notes

Levels and vault maps discovered:
D:1:      amcnicky_arrival_gap_in_the_tavern_cellar, layout_loops_ring,
          chequers_serial_rivers_small_b
D:2:      layout_loops_ring, minmay_worlds_worst_comb, uniq_jessica
D:3:      layout_basic, mainiacjoe_overflow_large_starburst, nicolae_titane,
          uniq_terence

Skill      XL: |  1  2 |
---------------+-------+-----
Hexes          | 4 |  4.1
Fire Magic     | 1 |  1.2
Fighting       | |  1.7
Ranged Weapons | |  2.6
Dodging        | |  1.7
Spellcasting   | |  1.5

Action                   || total
-------------------------++-------
 Fire: Sling             ||    73
 Cast: Slow              ||     7
       Inner Flame       ||     1
Armor: Robe              ||     8
Dodge: Dodged            ||    20

Table legend: (Time is in decaauts)
 A = Elapsed time spent in this place.
 B = Non-inter-level travel time spent in this place.
 C = Inter-level travel time spent in this place.
 D = Time resting spent in this place.
 E = Time spent auto-exploring this place.
 F = Levels seen in this place.
 G = Mean time per level.
                   A        B        C        D        E       F      G
               +--------+--------+--------+--------+--------+-----+--------+
         Total |   1335 |   1262 |     73 |      0 |   1039 |   3 |  445.0 |
       Dungeon |   1335 |   1262 |     73 |      0 |   1039 |   3 |  445.0 |
               +--------+--------+--------+--------+--------+-----+--------+

Top non-repeatable levels by time:
     D:2: 697 daAuts
     D:1: 629 daAuts
     D:3: 7 daAuts
